 Dungeon Crawl Stone Soup version 0.28-a0-631-g0446da8ef9 (webtiles) character file.

Game seed: 3288977082959162365

1163 jasper the Stinger (level 8, -1/60 HPs)
             Began as a Demonspawn Venom Mage on Oct 10, 2021.
             Slain by a human zombie (4 damage)
             ... on level 5 of the Dungeon.
             The game lasted 00:10:11 (7625 turns).

jasper the Stinger (Demonspawn Venom Mage)          Turns: 7625, Time: 00:10:12

Health: -1/60      AC:  3    Str:  9    XL:     8   Next: 17%
Magic:  15/15      EV: 13    Int: 18    God:
Gold:   204        SH:  5    Dex: 14    Spells: 7/17 levels left

rFire   . . .      SeeInvis .   (no weapon)
rCold   . . .      Faith    .   (no shield)
rNeg    . . .      Spirit   .   a - +1 robe
rPois   .          Reflect  +   (no helmet)
rElec   .          Harm     .   k - scarf {+Inv}
rCorr   .          Rampage  .   (no gloves)
Will    .....                   (no boots)
Stlth   ++........              t - amulet of reflection
HPRegen 0.20/turn               u - ring of wizardry
MPRegen 0.14/turn               (no ring)

@: no status effects
A: claws 2, powered by death 2
a: Evoke Invisibility


You were on level 5 of the Dungeon.
You visited 1 branch of the dungeon, and saw 5 of its levels.

You collected 204 gold pieces.

Inventory:

Hand Weapons
 b - a +0 dagger
 d - a +0 mace
Missiles
 c - 42 sling bullets
 f - 150 stones
 j - 5 boomerangs
 l - 2 throwing nets
Armour
 a - a +1 robe (worn)
 k - a scarf of invisibility (worn)
 n - a +0 kite shield
Magical Staves
 e - a staff of fire
Jewellery
 t - an amulet of reflection (around neck)
 u - a ring of wizardry (left claw)
Wands
 x - a wand of mindburst (14)
Scrolls
 g - a scroll of amnesia
 i - a scroll of blinking
 p - 2 scrolls of enchant armour
 r - a scroll of summoning {unknown}
 v - a scroll of teleportation
Potions
 h - a potion of resistance
 m - a potion of attraction
 o - 2 potions of lignification {unknown}
 q - a potion of cancellation {unknown}
 s - a potion of heal wounds {unknown}
 w - 2 potions of curing {unknown}


   Skills:
 + Level 3.9 Fighting
 + Level 4.1 Dodging
 - Level 1.7 Stealth
 + Level 5.2 Spellcasting
 - Level 0.8 Transmutations
 - Level 6.3 Poison Magic


You had 7 spell levels left.
You knew the following spells:

 Your Spells              Type           Power      Damage    Failure   Level
a - Sting                 Tmut/Pois      68%        1d6       1%          1
b - Blink                 Tloc           N/A        N/A       9%          2
c - Mephitic Cloud        Conj/Pois/Air  12%        N/A       7%          3
d - Olgreb's Toxic Radia  Pois           27%        N/A       4%          4

Your spell library contained the following spells:

 Spells                   Type           Power      Damage    Failure   Level
 Poisonous Vapours        Pois/Air       32%        N/A       2%          2
 Lesser Beckoning         Tloc           4%         N/A       16%         3
 Manifold Assault         Tloc           4%         N/A       78%         5


Dungeon Overview and Level Annotations

Branches:
Dungeon (5/15)
 Temple: D:4-7

Altars:
Okawaru
Yredelemnul

Annotations:
D:4 3 runed translucent doors, AttackTheMoon's ghost, weakling KoDe
D:5 2 runed translucent doors


Innate Abilities, Weirdness & Mutations

You have very sharp fingernails.
You regenerate health from kills.


Message History

* * * LOW HITPOINT WARNING * * *
You scratch the human zombie but do no damage.
The human zombie is heavily damaged.
The human zombie hits you.
* * * LOW HITPOINT WARNING * * *
You scratch the human zombie.
The human zombie is heavily damaged.
You scratch the human zombie.
The human zombie is heavily damaged.
The human zombie barely misses you.
You scratch the human zombie but do no damage.
The human zombie is heavily damaged.
The human zombie misses you.
You take 8 damage, and have 15/60 hp.
You barely miss the human zombie.
The human zombie is heavily damaged.
The human zombie hits you.
* * * LOW HITPOINT WARNING * * *
You barely miss the human zombie.
The human zombie is heavily damaged.
You block the human zombie's attack.
You scratch the human zombie.
The human zombie is severely damaged.
You take 3 damage, and have 12/60 hp.
You scratch the human zombie.
The human zombie is severely damaged.
The human zombie hits you.
* * * LOW HITPOINT WARNING * * *
You scratch the human zombie.
The human zombie is almost destroyed.
The human zombie hits you.
* * * LOW HITPOINT WARNING * * *
You scratch the human zombie but do no damage.
The human zombie is almost destroyed.
The human zombie hits you.
* * * LOW HITPOINT WARNING * * *
You scratch the human zombie.
The human zombie is almost destroyed.
The human zombie hits you.
You die...

#[...................#.
##....................#.
#.......................
#.##.#..................
#.####.................#
#.#########.<###......##
#.'...#.#.#....#......##
#####'#Z#'#.............
#.'..@'.#.............
###...###..........#..
#.'...'.#..........#..
#'#'#'#'#.............
#.#.#.#.##............
##########.........##.
#.............
##...........#
###..........


You could see a human zombie.

Vanquished Creatures
  Duvessa (D:5)
  2 sky beasts
  An ogre (D:4)
  An elf skeleton (D:5)
  Dowan (D:5)
  A water moccasin skeleton (D:5)
  2 hounds (D:4)
  2 jellies
  A bullfrog skeleton (D:4)
  A gnoll shaman (D:5)
  A human zombie (D:5)
  A centaur skeleton (D:5)
  A human skeleton (D:5)
  A hound skeleton (D:5)
  18 gnolls
  6 adders
  A shadow imp (D:5)
  2 white imps
  2 adder zombies (D:4)
  An adder skeleton (D:3)
  3 worms
  7 orcs
  4 endoplasms
  A giant cockroach (D:4)
  6 hobgoblins
  10 jackals
  2 quokkas
  4 bats
  3 frilled lizards
  9 goblins
  3 kobolds
  2 orc zombies (D:5)
  6 rats
107 creatures vanquished.

Vanquished Creatures (others)
  4 plants
4 creatures vanquished.

Grand Total: 111 creatures vanquished

Notes
Turn   | Place    | Note
-------+----------+-------------------------------------------
     0 | D:1      | jasper the Demonspawn Venom Mage began the quest for the
                  | Orb.
     0 | D:1      | Reached XP level 1. HP: 13/13 MP: 3/3
   279 | D:1      | Gained mutation: You have sharp fingernails. [demonic
                  | ancestry]
   279 | D:1      | Reached XP level 2. HP: 19/19 MP: 1/5
   835 | D:1      | Learned a level 2 spell: Blink
  1191 | D:2      | Reached skill level 4 in Poison Magic
  1265 | D:2      | Reached XP level 3. HP: 24/24 MP: 1/6
  1278 | D:2      | Learned a level 3 spell: Mephitic Cloud
  1726 | D:2      | Found a faded altar of an unknown god.
  2069 | D:2      | Gained mutation: You have very sharp fingernails. [demonic
                  | ancestry]
  2069 | D:2      | Reached XP level 4. HP: 30/30 MP: 5/7
  2381 | D:3      | Reached skill level 5 in Poison Magic
  3215 | D:3      | Gained mutation: You regenerate a little health from kills.
                  | [demonic ancestry]
  3215 | D:3      | Reached XP level 5. HP: 27/35 MP: 1/8
  3338 | D:3      | Found an iron altar of Okawaru.
  3879 | D:4      | Reached skill level 6 in Poison Magic
  4841 | D:4      | Found a runed translucent gate.
  4841 | D:4      | Found a runed translucent gate.
  4841 | D:4      | Found a runed translucent gate.
  4841 | D:4      | Noticed AttackTheMoon's ghost (weakling KoDe)
  4878 | D:4      | Noticed an ogre
  4893 | D:4      | Killed an ogre
  4894 | D:4      | Reached XP level 6. HP: 23/41 MP: 6/11
  4899 | D:4      | Learned a level 4 spell: Olgreb's Toxic Radiance
  5044 | D:4      | Found a basalt altar of Yredelemnul.
  5905 | D:5      | Entered Level 5 of the Dungeon
  5911 | D:5      | Reached skill level 1 in Fighting
  5935 | D:5      | Gained mutation: You regenerate health from kills. [demonic
                  | ancestry]
  5935 | D:5      | Reached XP level 7. HP: 34/49 MP: 6/13
  6890 | D:5      | Found a large runed translucent door.
  6891 | D:5      | Found a large runed translucent door.
  6901 | D:5      | Noticed Duvessa
  6906 | D:5      | Noticed Dowan
  6926 | D:5      | Killed Duvessa
  6932 | D:5      | Killed Dowan
  6933 | D:5      | Reached skill level 5 in Spellcasting
  6933 | D:5      | Reached XP level 8. HP: 41/58 MP: 6/15
  7624 | D:5      | HP: 3/60 [human zombie (2)]
  7625 | D:5      | Slain by a human zombie

Illustrated notes

Levels and vault maps discovered:
D:1:      sevenhm_arrival_forest_fort_large_3, layout_basic,
          minmay_misc_feat_doors
D:2:      layout_loops_corners, hellmonk_ecumenical_altar_heavens_door
D:3:      layout_loops_ring, kennysheep_okawaru_gauntlet, serial_forest,
          infiniplex_forest_clump_small, infiniplex_forest_lined_room_2,
          infiniplex_forest_lined_2, infiniplex_forest_clump_curved,
          infiniplex_forest_clump_small, infiniplex_forest_lined_3, st_stairs_8
D:4:      layout_basic, nicolae_yredelemnul_ghost_church, due_unseen_surprise
D:5:      corexii_shack_village, layout_cave_pools, jmf_multi_god_temple2,
          nicolae_ossuary_entry_catacombs, corexii_checkpoint_a,
          uniq_blork_the_orc, uniq_duvessa

Skill      XL: |  1  2  3  4  5  6  7  8 |
---------------+-------------------------+-----
Poison Magic   | 4 5 6 |  6.3
Spellcasting   | 3 4 5 |  5.2
Dodging        | 2 3 4 |  4.1
Fighting       | 1 3 |  3.9
Stealth        | |  1.7
Transmutations | |  0.8

Action                   |  1- 3 |  4- 6 |  7- 9 || total
-------------------------+-------+-------+-------++-------
Melee: Dagger            |     5 |       |       ||     5
       Mace              |     2 |       |       ||     2
       Unarmed           |     1 |    76 |   157 ||   234
 Cast: Sting             |    51 |   105 |    18 ||   174
       Olgreb's Toxic Ra |       |     2 |    15 ||    17
  Use: Scroll            |     1 |     9 |       ||    10
 Stab: Sleeping          |       |       |     2 ||     2
Armor: Robe              |     6 |    21 |    24 ||    51
Dodge: Dodged            |    17 |    62 |    73 ||   152
Block: Other             |       |    11 |    27 ||    38
       Reflection        |       |     1 |     1 ||     2

Table legend: (Time is in decaauts)
 A = Elapsed time spent in this place.
 B = Non-inter-level travel time spent in this place.
 C = Inter-level travel time spent in this place.
 D = Time resting spent in this place.
 E = Time spent auto-exploring this place.
 F = Levels seen in this place.
 G = Mean time per level.
                   A        B        C        D        E       F      G
               +--------+--------+--------+--------+--------+-----+--------+
         Total |   7624 |   7416 |    208 |    528 |   5715 |   5 | 1524.8 |
       Dungeon |   7624 |   7416 |    208 |    528 |   5715 |   5 | 1524.8 |
               +--------+--------+--------+--------+--------+-----+--------+

Top non-repeatable levels by time:
     D:4: 2330 daAuts
     D:5: 1536 daAuts
     D:3: 1455 daAuts
     D:2: 1377 daAuts
     D:1: 925 daAuts
